 Dungeon Crawl Stone Soup version 0.30-a0-847-g17996783a1 (webtiles) character file.

Game seed: 9147277226921151541

3586 cforsyth the Covert (level 10, -5/57 HPs)
             Began as a Kobold Brigand on Mar 4, 2023.
             Was a Follower of Hepliaklqana.
             Killed from afar by an electric eel (8 damage)
             ... with a bolt of electricity
             ... in a bailey.
             The game lasted 00:11:16 (8927 turns).

cforsyth the Covert (Kobold Brigand)                Turns: 8927, Time: 00:11:17

Health: -5/57      AC:  4    Str: 10    XL:     10   Next: 31%
Magic:  10/10      EV: 21    Int: 14    God:    Hepliaklqana [*.....]
Gold:   431        SH:  0    Dex: 22    Spells: 9/9 levels left

rFire   . . .      SeeInvis .    a - +2 dagger
rCold   + . .      Faith    .    (no shield)
rNeg    . . .      Spirit   .    b - +0 robe
rPois   .          Reflect  .    (no helmet)
rElec   .          Rampage  .    c - +0 cloak
rCorr   .                        n - +0 pair of gloves
Will    .....                    (no boots)
Stlth   ++++++                   (no amulet)
HPRegen 0.29/turn                p - ring "Viluneul" {rC+ Int+2 Dex+2}
MPRegen 0.12/turn                (no ring)

@: no status effects
A: reduced essence, small, no large weapons, nightstalker 3
a: Renounce Religion, Recall Ancestor, Ancestor Identity


You were in a bailey.
You worshipped Hepliaklqana.
Hepliaklqana was aware of your devotion.
You visited 2 branches of the dungeon, and saw 9 of its levels.
You also visited: Sewer and Bailey.

You collected 431 gold pieces.

Inventory:

Hand Weapons
 a - a +2 dagger (weapon)
Missiles
 d - 35 poisoned darts (quivered)
 e - 4 curare-tipped darts
 f - 2 throwing nets
 E - 6 atropa-tipped darts
Armour
 b - a +0 robe (worn)
 c - a +0 cloak (worn)
 n - a +0 pair of gloves (worn)
Jewellery
 p - the ring "Viluneul" (left hand) {rC+ Int+2 Dex+2}
   (You found it on level 2 of the Dungeon)

   [ring of protection from cold]

   Int:       It affects your intelligence (+2).
   Dex:       It affects your dexterity (+2).
   rC:        It protects you from cold.
 C - a ring of protection from cold
 D - an amulet of magic regeneration
 F - a ring of poison resistance
Wands
 v - a wand of polymorph (12)
 H - a wand of mindburst (10)
Scrolls
 m - 2 scrolls of summoning {unknown}
 o - a scroll of fog
 q - 3 scrolls of blinking {unknown}
 r - a scroll of torment {unknown}
 s - 2 scrolls of vulnerability {unknown}
 w - 2 scrolls of enchant armour
 x - a scroll of poison {unknown}
 y - 2 scrolls of teleportation {unknown}
 z - 2 scrolls of silence {unknown}
 B - 4 scrolls of identify
 I - 2 scrolls of noise {unknown}
 J - a scroll of acquirement
Potions
 g - 4 potions of heal wounds
 h - a potion of ambrosia
 i - a potion of invisibility
 j - a potion of curing
 k - a potion of berserk rage {unknown}
 l - 3 potions of lignification
 t - 3 potions of brilliance
 u - a potion of attraction
 A - a potion of resistance
 G - 2 potions of mutation {unknown}


   Skills:
 + Level 8.0 Fighting
 + Level 9.6 Short Blades
 - Level 2.1 Throwing
 + Level 8.5 Dodging
 + Level 11.4 Stealth


You had 9 spell levels left.
You didn't know any spells.
Your spell library contained the following spells:

 Spells                   Type           Power      Damage    Failure   Level
 Magic Dart               Conj           0%         1d3       28%         1
 Searing Ray              Conj           0%         2d4       41%         2
 Hailstorm                Conj/Ice       0%         3d3       65%         3
 Inner Flame              Hex/Fire       0%         N/A       65%         3
 Cause Fear               Hex            0%         N/A       96%         4
 Fulminant Prism          Conj/Hex       0%         3d5       96%         4
 Ice Form                 Ice/Tmut       0%         N/A       96%         4
 Simulacrum               Ice/Necr       0%         N/A       100%        6
 Discord                  Hex            0%         N/A       100%        8


Dungeon Overview and Level Annotations

Branches:
Dungeon (8/15)             Temple (1/1) D:6           Sewer (visited)
 Bailey (1/1)
   Lair: D:8-11

Altars:
Ashenzari
Dithmenos
Elyvilon
Fedhas
Gozag
Hepliaklqana
Kikubaaqudgha
Makhleb
Nemelex Xobeh
Okawaru
Ru
Sif Muna
Trog
Uskayaw
Vehumet
Wu Jian
Xom
Zin
The Shining One

Shops:
D:1 (

Annotations:
D:3 2 transporters, Pimp's ghost, amateur AtFi


Innate Abilities, Weirdness & Mutations

Your life essence is reduced to manifest your ancestor. (-10% HP)
You are small and have problems with some larger weapons.
You are completely attuned to the shadows.


Message History

The electric eel is lightly wounded.
Quintus barely misses the electric eel.
You hit the electric eel.
The electric eel is moderately wounded.
You hit the electric eel.
The electric eel is heavily wounded.
The electric eel shoots out a bolt of lightning at you!
The bolt of electricity misses you. x2
The bolt of electricity hits the electric eel.
The electric eel completely resists.
The electric eel shoots out a bolt of lightning at you!
The bolt of electricity hits Quintus!
The bolt of electricity hits you!
* * * LOW HITPOINT WARNING * * *
The orc warrior hits Quintus with a +0 war axe!
Quintus closely misses the electric eel.
You feel much better.
The electric eel shoots out a bolt of lightning at you!
The bolt of electricity hits you! The bolt of electricity misses you.
The bolt of electricity hits the electric eel.
The electric eel completely resists.
The orc warrior barely misses Quintus.
Quintus misses the electric eel.
You puncture the electric eel!
The electric eel is almost dead.
You hit the electric eel.
The electric eel is almost dead.
The electric eel shoots out a bolt of lightning at you!
The bolt of electricity misses you. The bolt of electricity hits you!
* * * LOW HITPOINT WARNING * * *
The bolt of electricity misses the electric eel.
The orc warrior hits Quintus with a +0 war axe!
Quintus is destroyed!
You closely miss the electric eel.
The electric eel is almost dead.
You hit the electric eel.
The electric eel is almost dead.
The electric eel shoots out a bolt of lightning at you!
The bolt of electricity hits you!
* * * LOW HITPOINT WARNING * * *
The bolt of electricity hits you!
You die...

≈≈≈≈~.#.)#...#...#.))#
≈≈≈≈~.#.)#...#...#.))#
≈≈≈≈~.#).#'####'####'#
≈≈≈~.##'#.....).)...#
≈≈≈~.#..#....._.....#
≈≈≈~.#.8#.....).....#
≈≈≈§§§#).#....).)....#
≈≈≈§§§#)8#############
≈≈≈§S@#.....#######...
≈≈≈§§§#.8...#.....#...
≈≈≈§So#.....#.....#...
≈≈≈≈#§####..#..)..#..#
≈≈≈S#og..#..+.).).'..#
≈≈≈≈#....#..+.....'..#
≈≈≈S###..#####'''#####
..#.......R...#
#~~~~...~~~~#


You could see an orc warrior and 2 electric eels.

Vanquished Creatures
  An orc high priest (Bailey)
  A kobold demonologist (Bailey)
  7 orc warriors (Bailey)
  Pargi (Sewer)
  An ice beast (D:6)
  An ogre (D:5)
  2 centaurs
  3 phantoms (D:5)
  A kobold brigand (D:7)
  2 bullfrogs
  2 scorpions
  A wight (D:6)
  4 killer bees (D:7)
  2 howler monkeys (D:7)
  An electric eel (Bailey)
  5 hounds
  5 iguanas
  2 orc wizards
  6 gnolls (Bailey)
  9 adders
  A white imp (D:5)
  An ufetubus (D:4)
  2 worms (D:3)
  4 dart slugs
  13 orcs
  4 endoplasms
  9 giant cockroaches
  11 goblins
  16 hobgoblins
  4 quokkas
  7 ball pythons
  4 bats
  12 frilled lizards
  16 kobolds
  5 rats
166 creatures vanquished.

Vanquished Creatures (collateral kills)
  A kobold brigand (D:7)
  A scorpion (D:7)
  A howler monkey (D:7)
  A sleepcap (D:7)
  2 kobolds (D:7)
6 creatures vanquished.

Vanquished Creatures (others)
  5 ancestors
5 creatures vanquished.

Grand Total: 177 creatures vanquished

Notes
Turn   | Place    | Note
-------+----------+-------------------------------------------
     0 | D:1      | cforsyth the Kobold Brigand began the quest for the Orb.
     0 | D:1      | Reached XP level 1. HP: 12/12 MP: 1/1
   134 | D:1      | Reached XP level 2. HP: 14/18 MP: 2/2
   304 | D:1      | Reached XP level 3. HP: 20/22 MP: 3/3
   533 | D:1      | Found Ahaodgho's Weapon Emporium.
   989 | D:2      | Identified the ring "Viluneul" {rC+ Int+2 Dex+2}
  1153 | D:2      | Reached XP level 4. HP: 27/27 MP: 4/4
  1653 | D:3      | Reached skill level 6 in Stealth
  1676 | D:3      | Found a transporter.
  1676 | D:3      | Noticed Pimp's ghost (amateur AtFi)
  1804 | D:3      | Found a faded altar of an unknown god.
  1931 | D:3      | Found an opulent altar of Gozag.
  2414 | D:3      | Reached XP level 5. HP: 26/32 MP: 5/5
  2450 | D:3      | Found a transporter.
  2563 | D:4      | Found a glowing drain.
  2626 | Sewer    | Entered a sewer
  2716 | Sewer    | Noticed Pargi
  2733 | Sewer    | Killed Pargi
  2734 | Sewer    | Reached XP level 6. HP: 38/38 MP: 6/6
  3135 | D:4      | Reached skill level 7 in Stealth
  3161 | D:4      | Found an ancient bone altar of Kikubaaqudgha.
  3829 | D:4      | Reached skill level 5 in Short Blades
  3829 | D:4      | Reached XP level 7. HP: 43/43 MP: 7/7
  3831 | D:4      | Found a glowing golden altar of the Shining One.
  3872 | D:5      | Entered Level 5 of the Dungeon
  4185 | D:5      | Reached XP level 8. HP: 48/48 MP: 8/8
  4213 | D:5      | Reached skill level 5 in Fighting
  4279 | D:5      | Reached skill level 8 in Stealth
  4283 | D:5      | Reached skill level 5 in Dodging
  4617 | D:6      | Found a radiant altar of Vehumet.
  4761 | D:6      | Found a staircase to the Ecumenical Temple.
  4897 | Temple   | Entered the Ecumenical Temple
  4926 | Temple   | Became a worshipper of Hepliaklqana the Forgotten
  6357 | D:7      | Reached skill level 9 in Stealth
  6460 | D:7      | Reached XP level 9. HP: 45/55 MP: 9/9
  7119 | D:7      | Reached * piety under Hepliaklqana
  7640 | D:7      | Found a glowing silver altar of Zin.
  7696 | D:7      | Found a blossoming altar of Fedhas.
  7857 | D:8      | Found a flagged portal.
  7875 | D:8      | Reached skill level 10 in Stealth
  7875 | D:8      | Noticed a two-headed ogre
  7881 | D:8      | Identified the +10 plate armour of Mezcal {rElec rCorr
                  | Stlth+}
  7891 | Bailey   | Entered a bailey
  8706 | Bailey   | Noticed an orc high priest
  8720 | Bailey   | Killed an orc high priest
  8721 | Bailey   | Reached XP level 10. HP: 32/56 MP: 10/10
  8727 | Bailey   | Reached skill level 11 in Stealth
  8741 | Bailey   | Found an iron altar of Okawaru.
  8742 | Bailey   | Noticed a kobold demonologist
  8748 | Bailey   | Killed a kobold demonologist
  8927 | Bailey   | Killed from afar by an electric eel

Illustrated notes

Levels and vault maps discovered:
D:1:      psy_arrival_fountain, layout_basic, serial_shops, shop
D:2:      layout_basic
D:3:      layout_basic, nicolae_gozag_seed_capital, gammafunk_ghost_mausoleum,
          nicolae_ecumenical_snake_handling, minivault_27
D:4:      cheibrodos_helix_gallery, layout_rooms,
          nicolae_overflow_hidden_temple, lemuel_crystal_altar,
          portal_sewer_entry_d, kennysheep_boxes, uniq_sigmund
D:5:      layout_rooms
D:6:      layout_basic, mainiacjoe_overflow_catwalk, minmay_temple_entry_trees,
          minmay_diced_spiral
D:7:      layout_basic, fedhas_altar_4, mainiacjoe_overflow_surrounded_room,
          minmay_misc_feat_four_crosses, nrook_pool_corridor
D:8:      layout_cave_pools, grunt_qazlal_clouds, enter_bailey_1,
          nrook_loot_triangle, minmay_bent, uniq_joseph
Temple:   nicolae_temple_god_jail
Bailey:   bailey_axe_of_yendor_kennysheep, bailey

Skill      XL: |  1  2  3  4  5  6  7  8  9 10 |
---------------+-------------------------------+-----
Short Blades   | 3 4 5 7 9 |  9.6
Dodging        | 2 3 4 6 8 |  8.5
Fighting       | 3 4 6 7 8 |  8.0
Stealth        | 6 7 9 10 11 | 11.4
Throwing       | |  2.1

Action                     |  1- 3 |  4- 6 |  7- 9 | 10-12 || total
---------------------------+-------+-------+-------+-------++-------
  Melee: Dagger            |    79 |   169 |   414 |    32 ||   694
         Punch             |       |       |    12 |       ||    12
    Use: Scroll            |       |     5 |     8 |     1 ||    14
         Potion            |       |     2 |     4 |     1 ||     7
   Stab: Sleeping          |    15 |    28 |    21 |    11 ||    75
         Distracted        |       |     2 |     1 |       ||     3
         Invisible         |       |       |     4 |     2 ||     6
 Armour: Robe              |    12 |    23 |    24 |       ||    59
         Skin              |       |    24 |       |       ||    24
  Dodge: Dodged            |    47 |   107 |   262 |    13 ||   429

Table legend: (Time is in decaauts)
 A = Elapsed time spent in this place.
 B = Non-inter-level travel time spent in this place.
 C = Inter-level travel time spent in this place.
 D = Time resting spent in this place.
 E = Time spent auto-exploring this place.
 F = Levels seen in this place.
 G = Mean time per level.
                   A        B        C        D        E       F      G
               +--------+--------+--------+--------+--------+-----+--------+
         Total |   8784 |   8511 |    273 |   1076 |   5861 |  11 |  798.5 |
       Dungeon |   7271 |   7005 |    266 |    525 |   5344 |   8 |  908.9 |
        Temple |    106 |     99 |      7 |      0 |     82 |   1 |  106.0 |
         Sewer |    420 |    420 |      0 |    127 |    143 |   1 |  420.0 |
        Bailey |    985 |    985 |      0 |    424 |    291 |   1 |  985.0 |
               +--------+--------+--------+--------+--------+-----+--------+

Top non-repeatable levels by time:
     D:7: 1584 daAuts
     D:6: 1345 daAuts
     D:4: 996 daAuts
  Bailey: 985 daAuts
     D:3: 871 daAuts
     D:1: 826 daAuts
     D:2: 807 daAuts
     D:5: 787 daAuts
   Sewer: 420 daAuts
  Temple: 106 daAuts
     D:8: 52 daAuts
